 Dungeon Crawl Stone Soup version 0.30.1-4-g462c640d31 (webtiles) character file.

Game seed: 5677600572975666737

18 safid the Chiller (level 2, 0/21 HPs)
             Began as a Merfolk Ice Elementalist on Sept 7, 2023.
             Frozen to death by an endoplasm (5 damage)
             ... on level 2 of the Dungeon.
             The game lasted 00:01:52 (455 turns).

safid the Chiller (Merfolk Ice Elementalist)         Turns: 455, Time: 00:01:52

Health: 0/21       AC:  2    Str:  8    XL:     2   Next: 70%
Magic:  5/5        EV:  9    Int: 14    God:
Gold:   68         SH:  0    Dex: 14    Spells: 4/5 levels left

rFire   . . .        c - +0 quarterstaff
rCold   . . .        (shield currently unavailable)
rNeg    . . .        a - +0 robe
rPois   .            (no helmet)
rElec   .            (no cloak)
rCorr   .            (no gloves)
SInv    .            (no boots)
Will    .....        (no amulet)
Stlth   ++           d - ring of flight
HPRegen 0.23/turn    (no ring)
MPRegen 0.09/turn

%: no passive effects
@: lethally poisoned (0 -> -2), flying, constricted
A: (nimble swimmer 2), mertail
a: no special abilities


You were on level 2 of the Dungeon.
You visited 1 branch of the dungeon, and saw 2 of its levels.

You collected 68 gold pieces.

Inventory:

Hand Weapons
 c - a +0 quarterstaff (weapon)
Armour
 a - a +0 robe (worn)
Jewellery
 d - a ring of flight (left hand)
 e - a ring of fire
Potions
 b - a potion of magic
 f - 2 potions of mutation {unknown}
 g - 2 potions of ambrosia {unknown}


   Skills:
 + Level 1.2 Fighting
 - Level 2.6 Dodging
 - Level 2.1 Stealth
 + Level 2.3 Spellcasting
 + Level 4.6 Ice Magic


You had 4 spell levels left.
You knew the following spells:

 Your Spells              Type           Power      Damage    Failure   Level
a - Freeze                Ice            56%        1d7       3%          1

Your spell library contained the following spells:

 Spells                   Type           Power      Damage    Failure   Level
 Frozen Ramparts          Ice            28%        1d5       10%         3
 Ozocubu's Armour         Ice            14%        N/A       10%         3
 Summon Ice Beast         Ice/Summ       8%         N/A       65%         4


Dungeon Overview and Level Annotations

Branches:
Dungeon (1/15)

Altars:


Innate Abilities, Weirdness & Mutations

((You are very nimble when in or above water. (Stealth+, EV+, Speed+++)))
Your lower body shifts to a powerful aquatic tail in water.


Message History

The ball python hisses angrily.
You hear an angry hiss.
The quokka barely misses you.
A quokka comes into view.
The quokka completely misses you. The adder barely misses you.
You barely miss the adder. The adder bites you. The quokka misses you.
The ball python bites you. The ball python barely misses you.
You miss the adder. The adder bites you. The quokka barely misses you.
The ball python barely misses you. The ball python misses you.
The adder bites you but does no damage. The quokka closely misses you.
The ball python misses you. The ball python grabs you.
The ball python constricts you.
You barely miss the ball python. The adder bites you.
You are poisoned.
The adder poisons you! The quokka bites you. The ball python barely misses you.
The ball python constricts you. The endoplasm closely misses you.
You are too injured to fight recklessly!
You are too injured to fight recklessly!
You are too injured to fight recklessly!
You are too injured to fight recklessly!
You are too injured to fight recklessly!
You are too injured to fight recklessly!
You are too injured to fight recklessly!
You are too injured to fight recklessly!
You are too injured to fight recklessly!
You are too injured to fight recklessly!
Unknown command.
Unknown command.
Unknown command.
Unknown command.
Unknown command.
Unknown command.
You aren't carrying any scrolls.
Unknown command.
You closely miss the adder.
You feel sick. The quokka bites you. The ball python closely misses you.
The ball python constricts you. The adder misses you. The adder bites you.
* * * LOW HITPOINT WARNING * * *
The endoplasm freezes you.
You are frozen.
You die...

. #.# .... #... #####
##....######...#
.....Jr@S....#########
.....rSSJ............#
.......rB.##########.#
#.....###.# #.###. #.#
# #. #.# . ... . ##.


You could see 2 adders, 2 endoplasms, 2 quokkas, a giant cockroach, a ball
python and a rat.

Vanquished Creatures
  A dart slug (D:1)
  A ball python (D:1)
  2 bats (D:1)
  A giant cockroach (D:1)
  2 goblins (D:1)
  2 hobgoblins (D:1)
  A kobold (D:1)
  A quokka (D:1)
  A frilled lizard (D:1)
  2 rats (D:1)
14 creatures vanquished.

Notes
Turn   | Place    | Note
-------+----------+-------------------------------------------
     0 | D:1      | safid the Merfolk Ice Elementalist began the quest for the
                  | Orb.
     0 | D:1      | Reached XP level 1. HP: 13/13 MP: 3/3
   156 | D:1      | Reached XP level 2. HP: 17/20 MP: 5/5
   201 | D:1      | Reached skill level 1 in Fighting
   443 | D:1      | You are sucked into a shaft and drop 1 floor!
   455 | D:2      | Frozen to death by an endoplasm

Illustrated notes

Levels and vault maps discovered:
D:1:      lemuel_arrival_broad_hall, layout_rooms, hex_medium
D:2:      layout_rooms, nicolae_ecumenical_pavilion, basic_altar,
          minmay_heptomino_o4, uniq_robin

Skill      XL: |  1  2 |
---------------+-------+-----
Fighting       | 1 |  1.2
Dodging        | |  2.6
Stealth        | |  2.1
Spellcasting   | |  2.3
Ice Magic      | |  4.6

Action                     || total
---------------------------++-------
  Melee: Quarterstaff      ||    46
   Cast: Freeze            ||     4
   Stab: Sleeping          ||     2
 Armour: Robe              ||    10
  Dodge: Dodged            ||    56
